 Dungeon Sprint DCSS version 0.29.1-15-g9cfb28693d (webtiles) character file.

Game seed: 4462295797004584196

2484 boopmooplesden the Severer (level 9, -11/95 HPs)
             Began as a Minotaur Berserker on Mar 10, 2023.
             Was a High Priest of Trog.
             Mangled by a manticore (19 damage)
             ... in the Dungeon (Sprint IX: "|||||||||||||||||||||||||||||").
             The game lasted 00:00:53 (444 turns).

boopmooplesden the Severer (Minotaur Berserker)      Turns: 444, Time: 00:00:53

Health: -11/95     AC: 11    Str: 26    XL:     9   Next: 27%
Magic:  8/8        EV: 15    Int:  7    God:    Trog [*****.]
Gold:   0          SH:  0    Dex: 10    Spells: 8/8 levels left

rFire   . . .      SeeInvis .   k - +1 broad axe (freeze)
rCold   . . .      Faith    .   (no shield)
rNeg    . . .      Spirit   .   m - +1 scale mail
rPois   .          Reflect  .   (helmet restricted)
rElec   .          Harm     .   (no cloak)
rCorr   .          Rampage  .   (no gloves)
Will    .....      NoTele   +   l - +0 pair of boots
Stlth   ..........              (no amulet)
HPRegen 0.25/turn               o - +3 ring of intelligence
MPRegen 0.11/turn               n - +2 ring of evasion

@: on berserk cooldown, slowed, very slow
A: horns 2, retaliatory headbutt
a: Renounce Religion, Berserk, Trog's Hand, Brothers in Arms


You were in the Dungeon.
You worshipped Trog.
Trog was extremely pleased with you.
You visited 1 branch

Inventory:

Hand Weapons
 a - a +0 hand axe
 k - a +1 broad axe of freezing (weapon)
Armour
 b - a +0 animal skin
 l - a +0 pair of boots (worn)
 m - a +1 scale mail (worn)
Jewellery
 n - a +2 ring of evasion (right hand)
 o - a +3 ring of intelligence (left hand)
Wands
 j - a wand of light (10)
Scrolls
 h - 2 scrolls of blinking
Potions
 c - 5 potions of curing
 d - 2 potions of heal wounds
 e - a potion of haste
 f - 4 potions of magic
 g - a potion of berserk rage
 i - a potion of invisibility


   Skills:
 + Level 14.2 Fighting
 + Level 16.3 Axes
 + Level 10.3 Armour
 + Level 9.3 Dodging


You had 8 spell levels left.
You didn't know any spells.
Your spell library was empty.

Dungeon Overview and Level Annotations

Branches:
Dungeon (1/1)

Altars:
Cheibriados
Dithmenos
Elyvilon
Fedhas
Gozag
Hepliaklqana
Kikubaaqudgha
Makhleb
Nemelex Xobeh
Okawaru
Qazlal
Ru
Sif Muna
Trog
Uskayaw
Vehumet
Wu Jian
Xom
Yredelemnul
Zin
The Shining One
Jiyva
Lugonu


Innate Abilities, Weirdness & Mutations

You have a pair of horns on your head.
You reflexively headbutt those who attack you in melee.


Message History

Your experience leads to an increase in your attributes!
Your base attributes are Str 24, Int 4, Dex 10.
Increase (S)trength, (I)ntelligence, or (D)exterity?
You feel stronger. x2
Things that are here:
5 large rocks; a cyclops corpse You slash the cyclops!
You freeze the cyclops.
The cyclops is heavily wounded.
The cyclops hits you!
You slice the cyclops!! You freeze the cyclops.
Your headbutt misses the cyclops.
The cyclops is almost dead.
You hit the cyclops. You freeze the cyclops.
You kill the cyclops!
Trog accepts your kill.
You are no longer berserk.
You are exhausted.
You feel yourself slow down.
Your Fighting skill increases to level 14!
Your Axes skill increases to level 16!
Your Armour skill increases to level 10!
The manticore misses you.
The manticore claws you but does no damage.
The manticore misses you. The manticore closely misses you.
The manticore claws you! The manticore claws you.
Things that are here:
4 large rocks; a cyclops corpse You hit the manticore but do no damage.
The manticore bites you! The manticore barely misses you. x2
You hit the manticore but do no damage. The manticore bites you!
* * * LOW HITPOINT WARNING * * *
The manticore claws you!
* * * LOW HITPOINT WARNING * * *
The manticore claws you.
* * * LOW HITPOINT WARNING * * *
You hit the manticore. You freeze the manticore.
Your headbutt misses the manticore.
The manticore is lightly wounded.
The manticore bites you!!
You die...

▓+▓
▓.▓
▓.▓
▓y▓
▓H▓
▓@▓
▓(▓
▓'▓
▓.▓
▓.▓
▓.▓
▓.▓
▓.▓
▓)▓


You could see a manticore and a vampire mosquito.

Vanquished Creatures
  A two-headed ogre (D)
  2 cyclopes (D)
  An unseen horror (D)
  A troll (D)
  A yak (D)
  A wraith (D)
  A vampire mosquito (D)
  A centaur (D)
  A necrophage (D)
  A wight (D)
  A jelly (D)
  An adder (D)
  A gnoll (D)
  An orc (D)
  2 endoplasms (D)
  2 goblins (D)
  A ball python (D)
20 creatures vanquished.

Notes
Turn   | Place    | Note
-------+----------+-------------------------------------------
     0 | D        | boopmooplesden the Minotaur Berserker began the quest for
                  | the Orb.
     0 | D        | Reached XP level 1. HP: 19/19 MP: 0/0
     6 | D        | Reached skill level 4 in Axes
     9 | D        | Reached ** piety under Trog
    21 | D        | Noticed a necrophage
    21 | D        | Noticed a jelly
    24 | D        | Reached skill level 5 in Fighting
    24 | D        | Reached skill level 5 in Axes
    24 | D        | Reached XP level 2. HP: 22/29 MP: 1/1
    25 | D        | Reached *** piety under Trog
    32 | D        | Reached skill level 6 in Axes
    32 | D        | Reached XP level 3. HP: 21/38 MP: 2/2
    36 | D        | Killed a necrophage
    37 | D        | Reached skill level 8 in Axes
    37 | D        | Reached XP level 4. HP: 28/48 MP: 3/3
    41 | D        | Found a snail-covered altar of Cheibriados.
    41 | D        | Found a shadowy altar of Dithmenos.
    41 | D        | Found a white marble altar of Elyvilon.
    41 | D        | Found a blossoming altar of Fedhas.
    41 | D        | Found an opulent altar of Gozag.
    42 | D        | Found a hazy altar of Hepliaklqana.
    43 | D        | Found a viscous altar of Jiyva.
    44 | D        | Found an ancient bone altar of Kikubaaqudgha.
    45 | D        | Found a corrupted altar of Lugonu.
    46 | D        | Found a burning altar of Makhleb.
    47 | D        | Found a sparkling altar of Nemelex Xobeh.
    48 | D        | Found an iron altar of Okawaru.
    49 | D        | Found a stormy altar of Qazlal.
    50 | D        | Found a sacrificial altar of Ru.
    51 | D        | Found a shimmering blue altar of Sif Muna.
    52 | D        | Found a bloodstained altar of Trog.
    53 | D        | Found a hide-covered altar of Uskayaw.
    54 | D        | Found a radiant altar of Vehumet.
    55 | D        | Found an ornate altar of the Wu Jian Council.
    56 | D        | Found a shimmering altar of Xom.
    57 | D        | Found a basalt altar of Yredelemnul.
    58 | D        | Found a glowing silver altar of Zin.
    59 | D        | Found a glowing golden altar of the Shining One.
   108 | D        | Noticed a two-headed ogre
   108 | D        | Noticed a centaur
   108 | D        | Noticed a yak
   108 | D        | Noticed a troll
   108 | D        | Noticed a wraith
   112 | D        | Killed a wraith
   112 | D        | Reached **** piety under Trog
   113 | D        | Reached skill level 10 in Axes
   113 | D        | Reached skill level 5 in Armour
   113 | D        | Reached skill level 5 in Dodging
   113 | D        | Reached XP level 5. HP: 52/57 MP: 4/4
   113 | D        | Reached XP level 6. HP: 59/64 MP: 5/5
   119 | D        | Killed a troll
   120 | D        | Reached skill level 11 in Axes
   120 | D        | Reached XP level 7. HP: 23/74 MP: 6/6
   123 | D        | Killed a yak
   124 | D        | Reached skill level 12 in Axes
   129 | D        | Killed a two-headed ogre
   129 | D        | Reached ***** piety under Trog
   130 | D        | Reached skill level 14 in Axes
   130 | D        | Reached XP level 8. HP: 5/85 MP: 7/7
   425 | D        | Noticed a manticore
   425 | D        | Noticed a cyclops
   425 | D        | Noticed a cyclops
   432 | D        | Killed an unseen horror
   433 | D        | Reached skill level 15 in Axes
   436 | D        | Killed a cyclops
   437 | D        | Reached XP level 9. HP: 94/94 MP: 8/8
   440 | D        | Killed a cyclops
   441 | D        | Reached skill level 16 in Axes
   441 | D        | Reached skill level 10 in Armour
   444 | D        | Mangled by a manticore

Illustrated notes

Levels and vault maps discovered:
D:        linesprint [early_d, line_temple, items_1, d_10, items_2, lair_1,
          lair_end, items_3, orc_1, orc_end, items_4, d_15, swamp_1, shoals_1,
          snake_1, spider_1, d_20, vaults_1, items_5, swamp_end, shoals_end,
          snake_end, spider_end, vaults_end, d_27, items_6, zot_1, zot_end,
          crypt_end, forest_end, elf_end, slime_end, tomb_end, abyss_end,
          pan_hell_end]

Skill      XL: |  1  2  3  4  5  6  7  8  9 |
---------------+----------------------------+-----
Fighting       | 5 6 7 9 11 12 13 14 | 14.2
Axes           | 5 6 8 10 11 14 15 16 | 16.3
Armour         | 3 4 5 6 8 9 10 | 10.3
Dodging        | 3 4 5 6 8 9 |  9.3

Action                   |  1- 3 |  4- 6 |  7- 9 || total
-------------------------+-------+-------+-------++-------
Melee: Hand axe          |    23 |       |       ||    23
       Headbutt          |     5 |     4 |     7 ||    16
       Broad axe         |       |    10 |    28 ||    38
Invok: Berserk           |     1 |     1 |     1 ||     3
  Use: Potion            |       |       |     1 ||     1
Armor: Animal skin       |     1 |       |       ||     1
       Scale mail        |       |     5 |     5 ||    10
Dodge: Dodged            |    12 |     9 |    23 ||    44
